 Dungeon Crawl Stone Soup version 0.16-a0-3472-g5ce0ac0 (webtiles) character file.

23 Charly the Magician (level 2, -3/15 HPs)
             Began as a Deep Elf Wizard on Jan 3, 2015.
             Killed by nerve-wracking pain
             ... invoked by Grinder
              (14 damage)
             ... while paralysed by Grinder
             ... on level 3 of the Dungeon.
             The game lasted 00:11:11 (754 turns).

Charly the Magician (Deep Elf Wizard)                Turns: 754, Time: 00:11:11

Health: -3/15      AC:  3    Str:  4    XL:     2   Next: 72%
Magic:  2/11       EV:  2    Int: 22    God:
Gold:   48         SH:  0    Dex: 13    Spells: 4 memorised, 5 levels left

rFire  . . .     SeeInvis .     c - book of Minor Magic
rCold  . . .     Clarity  .     a - +0 robe
rNeg   . . .     SustAb   .     (no shield)
rPois  .         Gourm    .     b - +0 hat
rElec  .         Spirit   .     h - +0 cloak (curse)
rCorr  .         Warding  .     (no gloves)
rMut   .         Stasis   .     (no boots)
MR     .....                    (no amulet)
Stlth  ++........               (no ring)
                                (no ring)

@: paralysed, not resistant to hostile enchantments, unstealthy
A: no striking features
a: no special abilities


You were on level 3 of the Dungeon.
You were not hungry.

You visited 1 branch of the dungeon, and saw 3 of its levels.

You collected 48 gold pieces.

Inventory:

Armour
 a - a +0 robe (worn)
 b - a +0 hat (worn)
 h - a cursed +0 cloak (worn)
Scrolls
 l - a scroll of enchant armour {unknown}
Potions
 e - a potion of curing
 f - a potion of haste {unknown}
 j - a potion of restore abilities {unknown}
Books
 c - a book of Minor Magic (in hand)

   Spells                             Type                      Level
   a - Magic Dart                     Conjuration                  1
   b - Blink                          Translocation                2
   c - Call Imp                       Summoning                    2
   d - Repel Missiles                 Charms/Air                   2
   e - Slow                           Hexes                        2
   f - Conjure Flame                  Conjuration/Fire             3
   g - Mephitic Cloud                 Conjuration/Poison/Air       3
Comestibles
 d - 2 bread rations
 g - 3 meat rations


   Skills:
 - Level 2.4 Dodging
 - Level 2.4 Stealth
 + Level 5.7 Spellcasting
 - Level 1.1 Conjurations
 - Level 1.1 Summonings
 - Level 1.1 Translocations


You had 5 spell levels left.
You knew the following spells:

 Your Spells              Type           Power        Failure   Level  Hunger
b - Blink                 Tloc           N/A          10%         2    None
d - Magic Dart            Conj           ##..         8%          1    None
i - Call Imp              Summ           ##......     10%         2    None
r - Repel Missiles        Chrm/Air       #.....       17%         2    None


Dungeon Overview and Level Annotations

Branches:
Dungeon (3/15)

Altars:
Nemelex Xobeh
Trog

Annotations:
D:3 Grinder


Message History

You swing at nothing.
Grinder hits your crimson imp. Grinder gestures at you.
You swing at nothing.
Grinder says, "Tell me all your secrets, or I'll kill you."
Grinder hits your crimson imp.
You swing at nothing.
Grinder hits your crimson imp!
Your crimson imp dies!
Your white imp gestures at Grinder.
The puff of frost hits Grinder.
Grinder resists.
Your white imp hits Grinder.
Your white imp freezes Grinder.
Grinder completely resists.
Your white imp closely misses Grinder.
Grinder hits your white imp!
Your white imp disappears in a puff of smoke!
Grinder gestures at you.
You suddenly lose the ability to move!
Grinder gestures at you.
You struggle to resist.
Grinder gestures at you. Pain shoots through your body!
Ouch! That really hurt!
You die...

######.################.#
.........# #.#
######.#.########## #.#
##.......)...5...(# #.#
.....#.#.########.# #.#
#....#.#.########.#####.########
#.........§...5.................
#....#.#(###########............
#....#(#....5...@..............
....†#.#############...........
##...#.######## .............
...>..........# .##...#######
####.#5######.. #...#
...#†#######. #...#
#####K........ #...#
####...######## ................


You could see Grinder.

Vanquished Creatures
  2 giant geckos
  2 bats
  2 giant cockroaches (D:3)
  A goblin (D:2)
  A quokka (D:3)
  6 giant newts
  5 kobolds
  3 rats (D:2)
22 creatures vanquished.

Vanquished Creatures (collateral kills)
  2 kobolds (D:3)
  A giant cockroach (D:3)
3 creatures vanquished.

Vanquished Creatures (others)
  2 crimson imps (D:3)
  A shadow imp (D:3)
  A white imp (D:3)
4 creatures vanquished.

Grand Total: 29 creatures vanquished

Notes
Turn   | Place    | Note
--------------------------------------------------------------
     0 | D:1      | Charly, the Deep Elf Wizard, began the quest for the Orb.
     0 | D:1      | Reached XP level 1. HP: 10/10 MP: 6/6
   291 | D:1      | Found a sparkling altar of Nemelex Xobeh.
   296 | D:1      | Reached skill level 5 in Spellcasting
   348 | D:2      | Reached XP level 2. HP: 15/15 MP: 6/11
   352 | D:2      | Learned a level 2 spell: Blink
   355 | D:2      | Learned a level 2 spell: Call Imp
   358 | D:2      | Learned a level 2 spell: Repel Missiles
   450 | D:3      | Found a bloodstained altar of Trog.
   654 | D:3      | Noticed Grinder
   750 | D:3      | Paralysed by Grinder for 6 turns
   754 | D:3      | Killed from afar by Grinder

Action                   || total
-------------------------++-------
 Cast: Magic Dart        ||    47
       Call Imp          ||    10
  Use: Scroll            ||     5
